 Dungeon Crawl Stone Soup version 0.22.1-2-g9c5b331383 (webtiles) character file.

70 SQman the Poker (level 4, -2/37 HPs)
             Began as a Minotaur Gladiator on Dec 9, 2018.
             Was an Initiate of Qazlal.
             Hit by a goblin thrown by Robin (3 damage)
             ... on level 3 of the Dungeon.
             The game lasted 00:10:15 (2034 turns).

SQman the Poker (Minotaur Gladiator)                Turns: 2034, Time: 00:10:15

Health: -2/37      AC:  4    Str: 18 (19) XL:     4   Next: 3%
Magic:  3/3        EV: 12    Int:  4 (5)  God:    Qazlal [......]
Gold:   81         SH:  3    Dex: 11 (12) Spells: 3/3 levels left

rFire    . . .     SeeInvis .   a - +1 trident
rCold    . . .     Gourm    .   i - +0 buckler
rNeg     . . .     Faith    .   e - +2 leather armour
rPois    .         Spirit   .   c - +1 hat
rElec    .         Reflect  .   (no cloak)
rCorr    .         Harm     .   (no gloves)
MR       .....                  (no boots)
Stlth    +.........             (no amulet)
HPRegen  0.12/turn              j - -2 ring of protection (curse)
MPRegen  0.08/turn              (no ring)

@: no status effects
A: retaliatory headbutt, horns 2
a: Renounce Religion


You were on level 3 of the Dungeon.
You worshipped Qazlal.
Qazlal was noncommittal.
You were not hungry.

You visited 1 branch of the dungeon, and saw 3 of its levels.

You collected 81 gold pieces.

Inventory:

Hand Weapons
 a - a +1 trident (weapon)
Missiles
 d - 3 throwing nets (quivered)
Armour
 b - a +0 leather armour
 c - a +1 hat (worn)
 e - a +2 leather armour (worn)
 h - a +0 ring mail
 i - a +0 buckler (worn)
Jewellery
 j - a cursed -2 ring of protection (left hand)
 l - a cursed amulet of faith
Potions
 k - a potion of heal wounds
Comestibles
 f - 9 rations
 g - 4 chunks of flesh


   Skills:
 + Level 2.5 Fighting
 + Level 4.6 Polearms
 + Level 2.1 Throwing
 + Level 1.4 Armour
 + Level 4.0 Dodging
 + Level 0.1 Stealth
 + Level 1.1 Shields


You had 3 spell levels left.
You didn't know any spells.
Your spell library was empty.

Dungeon Overview and Level Annotations

Branches:
Dungeon (3/15)

Altars:
Qazlal
Sif Muna

Annotations:
D:3 Robin


Innate Abilities, Weirdness & Mutations

You reflexively headbutt those who attack you in melee.
You have a pair of horns on your head.


Message History

The goblin barely misses you. You furiously retaliate!
You headbutt the goblin!
You kill the goblin!
Qazlal accepts your kill.
You have reached level 4!
You feel agile.
You hit the goblin.
You kill the goblin!
Qazlal accepts your kill. The goblin closely misses you.
The goblin hits you with a dagger.
* * * LOW HITPOINT WARNING * * *
The goblin shoots a stone.
You block the stone. The goblin hits you with a dagger.
* * * LOW HITPOINT WARNING * * *
Robin throws the goblin at you! The goblin hits you with a club.
* * * LOW HITPOINT WARNING * * *
The goblin shoots a stone.
The stone misses you.
The stone hits the goblin.
The goblin dies!
You see here a stone.
Robin throws the goblin at you!
You die...

#.......# ####.#.#
#.......# #....#.#
########.......# #....#.#
...............####....#.#
#....................(....
..#######(############)#.#
#.# #.#.# #g##### #.#.#
### #@(...# #.#.#
#...#(g(..# #.#..
#....gg)..# #.###
#...g)))..# ######....
#...g.g...# #.....[..#
..............+.........
..##...########......... #
#... #........# #...
#######+##


You could see Robin and 6 goblins.

Vanquished Creatures
  2 adders (D:2)
  2 worms (D:2)
  2 dart slugs (D:1)
  A leopard gecko (D:2)
  8 bats
  2 giant cockroaches
  8 goblins
  4 hobgoblins
  7 kobolds
  4 rats
  2 plants (D:2)
42 creatures vanquished.

Vanquished Creatures (others)
  2 goblins (D:3)
2 creatures vanquished.

Grand Total: 44 creatures vanquished

Notes
Turn   | Place    | Note
-------+----------+-------------------------------------------
     0 | D:1      | SQman the Minotaur Gladiator began the quest for the Orb.
     0 | D:1      | Reached XP level 1. HP: 18/18 MP: 0/0
   455 | D:1      | Reached XP level 2. HP: 25/25 MP: 1/1
  1340 | D:2      | Reached XP level 3. HP: 30/30 MP: 2/2
  1351 | D:2      | Found a deep blue altar of Sif Muna.
  1530 | D:2      | Reached skill level 1 in Armour
  1532 | D:2      | Reached skill level 1 in Shields
  1778 | D:2      | Found a stormy altar of Qazlal.
  1787 | D:2      | Became a worshipper of Qazlal Stormbringer
  2024 | D:3      | Noticed Robin
  2031 | D:3      | Reached XP level 4. HP: 16/37 MP: 3/3
  2033 | D:3      | HP: 1/37 [goblin/club[Robin] (4)]
  2034 | D:3      | Hit by a goblin thrown by Robin

Skill      XL: |  1  2  3 |
---------------+----------+-----
Polearms       | 4 |  4.6
Dodging        | 4 |  4.0
Armour         | 1 |  1.4
Shields        | 1 |  1.1
Fighting       | |  2.5
Throwing       | |  2.1
Stealth        | |  0.1

Action                   |  1- 3 |  4- 6 || total
-------------------------+-------+-------++-------
Melee: Trident           |   134 |     1 ||   135
       Headbutt          |    32 |       ||    32
  Use: Scroll            |     9 |       ||     9
       Potion            |     5 |       ||     5
  Eat: Chunk             |     4 |       ||     4
Armor: Leather armour    |    32 |     1 ||    33
Dodge: Dodged            |    81 |     2 ||    83
Block: Buckler           |    12 |     1 ||    13
